 Dungeon Crawl Stone Soup version 0.29-a0-219-g0a02b1cf4f (webtiles) character file.

Game seed: 12931427645928154939

33 Sweetruy1997 the Skirmisher (level 3, -1/31 HPs)
             Began as a Demonspawn Chaos Knight on Feb 26, 2022.
             Was a Plaything of Xom.
             Slain by a shadow imp (3 damage)
             ... summoned by Natasha
             ... on level 2 of the Dungeon.
             The game lasted 00:02:13 (1387 turns).

Sweetruy1997 the Skirmisher (DsCK)                  Turns: 1387, Time: 00:02:13

Health: -1/31      AC:  5    Str: 12    XL:     3   Next: 12%
Magic:  3/3        EV: 11    Int: 15    God:    Xom [*.....]
Gold:   52         SH:  0    Dex: 16    Spells: 2/2 levels left

rFire   . . .      SeeInvis .   a - +0 falchion (chaos)
rCold   . . .      Faith    .   (no shield)
rNeg    . . .      Spirit   .   b - +2 leather armour
rPois   .          Reflect  .   (no helmet)
rElec   .          Harm     .   (no cloak)
rCorr   .          Rampage  .   (no gloves)
Will    .....                   (no boots)
Stlth   +.........              (no amulet)
HPRegen 0.10/turn               (no ring)
MPRegen 0.16/turn               (no ring)

@: hasted, very quick
A: powered by pain 1, magic regeneration, agile 1, clever 1, robust 1,
MP-powered wands
a: Renounce Religion


You were on level 2 of the Dungeon.
You worshipped Xom.
You were a special plaything of Xom.
You visited 1 branch of the dungeon, and saw 2 of its levels.

You collected 52 gold pieces.

Inventory:

Hand Weapons
 a - a +0 falchion of chaos (weapon)
Armour
 b - a +2 leather armour (worn)
Potions
 c - a potion of haste
 d - 2 potions of flight {unknown}
 e - a potion of attraction {unknown}
 f - a potion of curing {unknown}
 g - 4 potions of cancellation {unknown}


   Skills:
 + Level 3.3 Fighting
 + Level 3.2 Long Blades
 + Level 2.1 Armour
 + Level 1.1 Dodging
 + Level 0.2 Stealth


You had 2 spell levels left.
You didn't know any spells.
Your spell library contained the following spells:

 Spells                   Type           Power      Damage    Failure   Level
 Conjure Flame            Conj/Fire      0%         6-21      71%         3
 Ignite Poison            Fire/Tmut/Pois 0%         N/A       71%         3
 Sticky Flame             Conj/Fire      0%         2d3       98%         4


Dungeon Overview and Level Annotations

Branches:
Dungeon (2/15)

Altars:
Xom

Annotations:
D:2 Natasha


Innate Abilities, Weirdness & Mutations

You sometimes gain a little power by taking damage.
You regenerate magic rapidly.
You are agile. (Dex +2)
Your mind is acute. (Int +2)
You are robust. (+10% HP)
You expend magic power (3 MP) to strengthen your wands.


Message History

You hit the adder. You drain the adder.
The adder is severely wounded. "Time to have some fun!"
The adder bites you but does no damage.
The shadow imp hits you but does no damage.
The adder bites you but does no damage.
You closely miss the adder.
The adder is heavily wounded.
The shadow imp barely misses you. The adder barely misses you.
You hit the adder.
You kill the adder!
The shadow imp barely misses you. The worm bites you but does no damage.
The shadow imp hits you but does no damage.
You have reached level 3!
Your experience leads to an increase in your attributes!
Your base attributes are Str 12, Int 13, Dex 12.
Increase (S)trength, (I)ntelligence, or (D)exterity?
You feel agile. x2; Your demonic ancestry asserts itself...
You feel energised by your suffering.
Xom is highly amused!
You hit Natasha but do no damage. "Fight to survive, mortal."
Natasha casts a spell at you. The magic dart hits you. The shadow imp hits you.
The worm completely misses you. The worm misses you.
Natasha extends her claws.
Natasha claws you.
It was a potion of haste.
You feel yourself speed up. The ufetubus hits you.
The ufetubus closely misses you. The shadow imp hits you. Natasha claws you.
* * * LOW HITPOINT WARNING * * *
You slash Natasha!
You feel better.
Natasha is severely wounded.
The ufetubus closely misses you.
The ufetubus hits you but does no damage.
The worm bites you.
* * * LOW HITPOINT WARNING * * *
The worm bites you.
* * * LOW HITPOINT WARNING * * *
The shadow imp hits you.
You die...

##...## #..... .
#....##. #......
. #....##..
#######+#...<....
........wwh......
........!@5......
.......55###.....
.........# ###
#######.#######
>..............
.######.#########
............)....
.....##.#.....##.
.... ...#.....##


You could see 2 worms, an iron imp (summoned), Natasha, a shadow imp (summoned)
and an ufetubus (summoned).

Vanquished Creatures
  An adder (D:2)
  2 dart slugs (D:1)
  2 ball pythons (D:1)
  An endoplasm (D:1)
  2 giant cockroaches (D:1)
  2 goblins (D:1)
  2 hobgoblins (D:1)
  A bat (D:1)
  A frilled lizard (D:1)
  3 kobolds (D:1)
  4 rats (D:1)
21 creatures vanquished.

Vanquished Creatures (others)
  A hobgoblin (D:1)
1 creature vanquished.

Grand Total: 22 creatures vanquished

Notes
Turn   | Place    | Note
-------+----------+-------------------------------------------
     0 | D:1      | Sweetruy1997 the Demonspawn Chaos Knight began the quest
                  | for the Orb.
     0 | D:1      | Reached XP level 1. HP: 18/18 MP: 1/1
    26 | D:1      | Xom revived you
    96 | D:1      | XOM: silly message
   305 | D:1      | XOM is BORED!
   305 | D:1      | XOM: blink monster(s)
   314 | D:1      | XOM: polymorph dart slug -> hobgoblin
   502 | D:1      | Gained mutation: You regenerate magic rapidly. [demonic
                  | ancestry]
   502 | D:1      | Reached XP level 2. HP: 19/24 MP: 2/2
   862 | D:1      | XOM: enchant monster (good)
  1015 | D:1      | XOM: scenery: create altars
  1076 | D:1      | Reached skill level 1 in Dodging
  1181 | D:1      | XOM: give mutations
  1181 | D:1      | Gained mutation: Your mind is acute. (Int +2) [Xom's grace]
  1181 | D:1      | Gained mutation: You expend magic power (3 MP) to
                  | strengthen your wands. [Xom's grace]
  1181 | D:1      | Gained mutation: You are robust. (+10% HP) [Xom's grace]
  1181 | D:1      | Gained mutation: You are agile. (Dex +2) [Xom's grace]
  1190 | D:1      | XOM: cloud trail
  1377 | D:2      | Noticed Natasha
  1382 | D:2      | XOM: summons 2 hostile shadow creatures
  1385 | D:2      | Gained mutation: You sometimes gain a little power by
                  | taking damage. [demonic ancestry]
  1385 | D:2      | Reached XP level 3. HP: 23/31 MP: 3/3
  1385 | D:2      | XOM: summons 2 hostile demons
  1387 | D:2      | Slain by a shadow imp

Illustrated notes

Levels and vault maps discovered:
D:1:      dpeg_arrival_radiant, layout_basic, lemuel_old_faithful
D:2:      layout_basic, minmay_tromino_v2, uniq_natasha

Skill      XL: |  1  2 |
---------------+-------+-----
Long Blades    | 3 |  3.2
Armour         | 2 |  2.1
Dodging        | 1 |  1.1
Fighting       | |  3.3
Stealth        | |  0.2

Action                   || total
-------------------------++-------
Melee: Falchion          ||    75
  Use: Potion            ||     1
Armor: Leather armour    ||    39
Dodge: Dodged            ||    57

Table legend: (Time is in decaauts)
 A = Elapsed time spent in this place.
 B = Non-inter-level travel time spent in this place.
 C = Inter-level travel time spent in this place.
 D = Time resting spent in this place.
 E = Time spent auto-exploring this place.
 F = Levels seen in this place.
 G = Mean time per level.
                   A        B        C        D        E       F      G
               +--------+--------+--------+--------+--------+-----+--------+
         Total |   1398 |   1347 |     51 |    405 |    774 |   2 |  699.0 |
       Dungeon |   1398 |   1347 |     51 |    405 |    774 |   2 |  699.0 |
               +--------+--------+--------+--------+--------+-----+--------+

Top non-repeatable levels by time:
     D:1: 1367 daAuts
     D:2: 30 daAuts
